 Dungeon Crawl Stone Soup version 0.17.2-1-ge4368a0 (webtiles) character file.

12803 Goblin1989 the Grappler (level 11, 0/99 HPs)
             Began as a Ghoul Fighter on Dec 30, 2016.
             Was a High Priest of Okawaru.
             Killed by divine providence
             ... invoked by an orc priest
              (11 damage)
             ... on level 11 of the Dungeon.
             The game lasted 00:43:10 (10050 turns).

Goblin1989 the Grappler (Ghoul Fighter)            Turns: 10050, Time: 00:43:11

Health: 0/99       AC: 18    Str: 24    XL:     11   Next: 99%
Magic:  10/10      EV:  8    Int:  3    God:    Okawaru [*****.]
Gold:   579        SH: 13    Dex:  8    Spells: 0 memorised, 10 levels left

rFire  . . .     SeeInvis +       - Unarmed
rCold  + . .     Clarity  .     w - +0 plate armour
rNeg   + + +     SustAt   .     b - +0 shield
rPois  ∞         Gourm    .     (no helmet)
rElec  .         Spirit   .     H - +1 cloak of the Heron {rPois}
rCorr  .         Warding  .     (no gloves)
rMut   .         Stasis   .     (no boots)
MR     .....                    (no amulet)
Stlth  ..........               y - +3 ring of slaying
                                s - ring of see invisible

@: heroism, rotting, not resistant to hostile enchantments, extremely unstealthy
A: rotting body, claws 1, carnivore 3, cold resistance 1, negative energy
resistance 3, slow regeneration 1, torment resistance, unbreathing
a: Heroism, Finesse, Renounce Religion


You were on level 11 of the Dungeon.
You worshipped Okawaru.
Okawaru was extremely pleased with you.
You were not hungry.

You visited 2 branches of the dungeon, and saw 12 of its levels.
You also visited: Sewer and Ossuary.

You collected 671 gold pieces.
You spent 92 gold pieces at shops.

Inventory:

Missiles
 z - 41 poisoned needles
 Z - a throwing net {=f, !d}
Armour
 b - a +0 shield (worn)
 w - a +0 plate armour (worn)
 H - the +1 cloak of the Heron (worn) {rPois}
   (You found it on level 10 of the Dungeon)

   It protects you from poison.
 O - the +0 pair of gloves "Usoi" {rC+ rCorr Str+4 Int-3}
   (Okawaru gifted it to you on level 11 of the Dungeon)

   It affects your strength (+4).
   It affects your intelligence (-3).
   It protects you from cold.
   It protects you from acid and corrosion.
Jewellery
 i - a ring of invisibility
 s - a ring of see invisible (left claw)
 t - an amulet of clarity {unknown}
 y - a +3 ring of slaying (right claw)
 B - the amulet of Qyoxofiu {Gourm rPois rF- MR+ Dex+6}
   (You found it on level 5 of the Dungeon)

   [amulet of the gourmand]

   It allows you to eat raw meat even when not hungry.
   It affects your dexterity (+6).
   It makes you vulnerable to fire.
   It protects you from poison.
   It affects your resistance to hostile enchantments.
Wands
 l - a wand of slowing (24)
 m - a wand of fireball (6)
 C - a wand of confusion (19)
 I - a wand of flame (13)
 K - a wand of disintegration (18)
 L - a wand of lightning (7)
 N - a wand of digging (10)
Scrolls
 e - 4 scrolls of enchant weapon
 f - a scroll of immolation {!r}
 h - 2 scrolls of blinking {unknown}
 q - a scroll of fear {unknown}
 r - 6 scrolls of remove curse {@r2}
 x - 2 scrolls of teleportation {unknown}
 A - a scroll of fog {unknown}
 D - a scroll of recharging
 F - a scroll of amnesia {unknown}
 G - 2 scrolls of enchant armour {unknown}
 M - a scroll of magic mapping
 R - a scroll of identify {@r1}
Potions
 a - a potion of experience {unknown}
 c - 5 potions of might
 g - 7 potions of flight
 k - a potion of resistance
 n - 10 potions of curing {@q1}
 o - a potion of ambrosia {unknown}
 p - 2 potions of cancellation
 u - 5 potions of haste {!q, @q3}
 E - a potion of heal wounds {!q, @q2}
Comestibles
 d - 9 meat rations {@e2}
 j - 4 beef jerkies
 v - a royal jelly
 J - 8 slices of pizza
 P - 4 chunks of flesh {@w0}


   Skills:
 + Level 9.9(14.9) Fighting
 + Level 8.3(13.3) Armour
 + Level 8.1(13.1) Shields
 * Level 13.0(18.0) Unarmed Combat


You had 10 spell levels left.
You didn't know any spells.

Dungeon Overview and Level Annotations

Branches:
Dungeon (11/15)            Temple (1/1) D:6             Orc (0/4) D:9
   Lair: D:8-11

Altars:
Ashenzari
Cheibriados
Dithmenos
Elyvilon
Fedhas
Gozag
Kikubaaqudgha
Makhleb
Nemelex Xobeh
Okawaru
Qazlal
Sif Muna
Trog
Vehumet
Xom
Yredelemnul
Zin

Shops:
D:6 (   D:8 !   D:9 *


Innate Abilities, Weirdness & Mutations

Your body is rotting away.
You thrive on raw meat.
You are immune to poison.
You have sharp fingernails.
You are carnivorous and can eat meat at any time.
Your flesh is cold resistant.
You are immune to negative energy.
You regenerate slowly when monsters are visible.
You are immune to unholy pain and torment.
You can survive without breathing.


Message History

The orc warrior is moderately wounded.
You scratch the orc warrior but do no damage.
The orc warrior is moderately wounded.
The orc warrior hits you with a trident.
* * * LOW HITPOINT WARNING * * *
You take 3 damage, and have 10/99 hp.
Your plate armour prevents you from hitting the orc warrior.
The orc warrior is moderately wounded.
You block the orc warrior's attack.
You completely miss the orc warrior.
The orc warrior is moderately wounded.
MP restored: 10 You claw the orc warrior!
The orc warrior is severely wounded.
The orc warrior hits you but does no damage.
You scratch the orc warrior but do no damage.
The orc warrior is severely wounded.
The orc priest mumbles some strange prayers to Beogh against you.
Something smites you!
You die...

....P.███∆███...███..██..........
..P♣♣♣██...██...█.†.███....<.....
....♣♣███∆███.....███ █..........
P...♣≈█....[█...███ ████████∆██
♣P..≈≈█.....∆.███ ██.█
♣♣≈≈≈≈█.....███ █..█
████████████. █.██
......██████████████.███
$....oo@..█.............
.....o███.█............. .....
█.....>......... .../
███............. .<.
███████████.██ .. █.█ . ..█ █.██
█▲


You could see an orc warrior, an orc priest and an orc.

Vanquished Creatures
  Josephine (D:11)
  Erolcha (D:8)
  Pikel (D:8)
  An ugly thing (D:11)
  Maurice (D:8)
  2 trolls (D:11)
  A trapdoor spider zombie (D:10)
  A wyvern (D:8)
  Sigmund (D:2)
  A deep elf mage (D:9)
  5 wraiths (D:11)
  6 yaks (D:10)
  A hog (D:7)
  A human (D:7)
  Grum (D:8)
  2 hippogriffs
  4 wolves (D:8)
  Menkaure (D:4)
  Edmund (D:5)
  5 orc warriors
  A slave (D:8)
  4 sky beasts
  A black bear (D:9)
  2 wasps (D:10)
  A necrophage (D:6)
  2 phantoms (D:9)
  2 ice beasts
  10 ogres
  A centaur (D:8)
  4 big kobolds
  4 giant frogs
  A gnoll sergeant (D:8)
  4 scorpions
  11 killer bees
  The ghost of dscm the Shield-Bearer, a weakling OpFi (D:4)
  4 crimson imps
  5 wights (D:10)
  A quasit (D:5)
  A centaur zombie (D:6)
  2 hounds
  7 orc priests
  Crazy Yiuf (D:5)
  3 centaur skeletons
  A jelly (D:5)
  A giant frog skeleton (D:11)
  12 orc wizards
  Terence (D:3)
  4 iguanas
  8 worker ants
  3 sheep (D:7)
  2 big kobold zombies (Ossuary)
  2 mummies (Ossuary)
  11 gnolls
  12 adders
  8 river rats
  An ooze (Sewer)
  4 adder zombies (Ossuary)
  A worm (D:3)
  4 adder skeletons
  6 giant geckos
  44 orcs
  5 ball pythons (Sewer)
  6 giant cockroaches
  5 gnoll zombies (Ossuary)
  5 hobgoblins
  12 jackals
  32 kobolds
  5 quokkas
  7 bats
  A giant gecko zombie (D:8)
  5 giant newts
  6 goblins
  7 hobgoblin zombies (Ossuary)
  5 kobold zombies (Ossuary)
  6 orc zombies (Ossuary)
  23 rats
366 creatures vanquished.

Vanquished Creatures (others)
  A centaur (D:8)
  An adder (D:8)
2 creatures vanquished.

Grand Total: 368 creatures vanquished

Notes
Turn   | Place    | Note
--------------------------------------------------------------
     0 | D:1      | Goblin1989 the Ghoul Fighter began the quest for the Orb.
     0 | D:1      | Reached XP level 1. HP: 19/19 MP: 0/0
   150 | D:1      | Reached XP level 2. HP: 20/26 MP: 1/1
   680 | D:2      | Reached XP level 3. HP: 31/31 MP: 2/2
  1024 | D:2      | Noticed Sigmund
  1039 | D:2      | Killed Sigmund
  1039 | D:2      | Reached skill level 4 in Fighting
  1039 | D:2      | Reached XP level 4. HP: 8/38 MP: 3/3
  1039 | D:2      | Reached XP level 5. HP: 9/44 MP: 4/4
  1753 | D:3      | Noticed Terence
  1772 | D:3      | Killed Terence
  1849 | D:3      | Reached XP level 6. HP: 46/51 MP: 5/5
  2702 | D:4      | Noticed Menkaure
  2713 | D:4      | Reached skill level 5 in Unarmed Combat
  2718 | D:4      | Killed Menkaure
  2718 | D:4      | Reached XP level 7. HP: 52/60 MP: 6/6
  2725 | D:4      | Noticed dscm's ghost (weakling OpFi)
  2734 | D:4      | Killed dscm's ghost
  2927 | D:4      | Reached skill level 5 in Fighting
  2927 | D:4      | Reached skill level 6 in Unarmed Combat
  3208 | D:5      | Entered Level 5 of the Dungeon
  3297 | D:5      | Found a sand-covered staircase.
  3297 | D:5      | Noticed Edmund
  3315 | D:5      | Killed Edmund
  3315 | D:5      | Reached XP level 8. HP: 59/68 MP: 7/7
  3338 | Ossuary  | Entered an ossuary
  3571 | D:5      | Reached skill level 7 in Unarmed Combat
  3574 | D:5      | Reached skill level 5 in Armour
  3694 | D:5      | Found a glowing drain.
  3698 | Sewer    | Entered a sewer
  4353 | D:5      | Got a warped ruby amulet
  4354 | D:5      | Identified the amulet of Qyoxofiu {Gourm rPois rF- MR+ Dex+6} (You found it on level 5 of the Dungeon)
  4576 | D:5      | Found an opulent altar of Gozag.
  4855 | D:5      | Noticed Crazy Yiuf
  4867 | D:5      | Killed Crazy Yiuf
  5063 | D:6      | Found Tostratrif's Antique Weapon Boutique.
  5063 | D:6      | Found a shadowy altar of Dithmenos.
  5094 | D:5      | Reached skill level 5 in Shields
  5178 | D:6      | Reached XP level 9. HP: 71/75 MP: 8/8
  5203 | D:6      | Reached skill level 8 in Unarmed Combat
  5300 | D:6      | Found a staircase to the Ecumenical Temple.
  5309 | Temple   | Entered the Ecumenical Temple
  5356 | Temple   | Became a worshipper of Warmaster Okawaru
  6267 | D:7      | Reached * piety under Okawaru
  6267 | D:7      | Reached skill level 9 in Unarmed Combat
  6833 | D:8      | Found a stormy altar of Qazlal.
  6886 | D:8      | Reached ** piety under Okawaru
  6925 | D:8      | Noticed Grum
  6938 | D:8      | Reached skill level 10 in Unarmed Combat
  6938 | D:8      | Reached XP level 10. HP: 60/86 MP: 9/9
  6942 | D:8      | Killed Grum
  7012 | D:8      | Noticed Maurice
  7023 | D:8      | Killed Maurice
  7168 | D:8      | Noticed Pikel
  7179 | D:8      | Killed Pikel
  7227 | D:8      | Noticed Erolcha
  7235 | D:8      | Killed Erolcha
  7235 | D:8      | Reached skill level 11 in Unarmed Combat
  7236 | D:8      | Reached *** piety under Okawaru
  7524 | D:8      | Found Akleodonwo's Distillery.
  7533 | D:8      | Bought a potion of poison for 12 gold pieces
  7533 | D:8      | Bought a potion of lignification for 36 gold pieces
  7965 | D:9      | Found Tipaofu's General Store.
  8032 | D:9      | Bought a scroll of identify for 22 gold pieces
  8032 | D:9      | Bought a scroll of identify for 22 gold pieces
  8116 | D:9      | Reached XP level 11. HP: 94/94 MP: 10/10
  8404 | D:9      | Found a staircase to the Orcish Mines.
  8818 | D:10     | Entered Level 10 of the Dungeon
  9003 | D:10     | Reached **** piety under Okawaru
  9003 | D:10     | Reached skill level 12 in Unarmed Combat
  9079 | D:10     | Got a warped cloak
  9090 | D:10     | Identified the +1 cloak of the Heron {rPois} (You found it on level 10 of the Dungeon)
  9664 | D:11     | Noticed Josephine
  9692 | D:11     | Killed Josephine
  9692 | D:11     | Reached ***** piety under Okawaru
  9883 | D:11     | Received a gift from Okawaru
  9886 | D:11     | Got a pair of crude gloves {god gift}
  9892 | D:11     | Identified the +0 pair of gloves "Usoi" {rC+ rCorr Str+4 Int-3} (Okawaru gifted it to you on level 11 of the Dungeon)
  9892 | D:11     | Lost intelligence.
  9999 | D:11     | Iwannabefree: 3 грфи и 1 трмо гост к оркам 2
 10029 | D:11     | Iwannabefree: причем гаргулья с орков литералли неубиваемае
 10029 | D:11     | Iwannabefree: я
 10029 | D:11     | Iwannabefree: тебе пизда
 10030 | D:11     | Goblin1989: no
 10037 | D:11     | Iwannabefree: tele zhe
 10037 | D:11     | Iwannabefree: @??ugly thing
 10037 | D:11     | beem: purple ugly thing (u)
                  | Spd: 10 (move: 90%)
                  | HD: 12
                  | HP: 56-75
                  | AC/EV: 4/10
                  | Dam: 22
                  | doors
                  | Res: magic(40)
                  | Vul: silver
                  | Chunks: mutagenic
                  | XP:
   558 | Sz: Medium | Int: animal.
 10038 | D:11     | Reached skill level 13 in Unarmed Combat
 10045 | D:11     | Iwannabefree: @?? white ugly thing
 10045 | D:11     | beem: white ugly thing (u)
                  | Spd: 10 (move: 90%)
                  | HD: 12
                  | HP: 53-77
                  | AC/EV: 4/10
                  | Dam: 17(cold:12-35)
                  | doors
                  | Res: magic(40), cold
                  | Vul: silver
                  | Chunks: mutagenic
                  | XP:
   550 | Sz: Medium | Int: animal.
 10049 | D:11     | Iwannabefree: smait
 10050 | D:11     | Killed from afar by an orc priest

Action                   |  1- 3 |  4- 6 |  7- 9 | 10-12 || total
-------------------------+-------+-------+-------+-------++-------
Melee: Unarmed           |   123 |    96 |   604 |   521 ||  1344
Invok: Heroism           |       |       |     1 |     7 ||     8
Evoke: Wand              |       |       |     3 |       ||     3
  Use: Scroll            |       |     8 |     6 |     3 ||    17
       Potion            |       |       |     2 |     2 ||     4
  Eat: Chunk             |     9 |    13 |    78 |    75 ||   175

Vault maps used:
D:1:      minmay_arrival_glassed_features
D:2:      uniq_sigmund
D:3:      uniq_terence
D:4:      first_bread, uniq_menkaure
D:5:      gup_sewer_entry_spiral, lightli_ossuary_entry_decrepit_ruins,
          minmay_misc_feat_square,
          nicolae_gozag_cash_rules_everything_around_me,
          uniq_crazy_yiuf_cottage, uniq_edmund
D:6:      minmay_temple_entry_statues_pillars, serial_curves, eino_curves_02,
          eino_curves_01, serial_shops, shop, grunt_dithmenos_smoke
D:7:      minivault_11, grunt_livestock
D:8:      lemuel_doored_altar, serial_shops,
          nicolae_shop_competitors_out_of_business, uniq_erolcha, uniq_grum,
          uniq_pikel, uniq_maurice
D:9:      david_orc_3, serial_shops, nicolae_shop_waterfront
D:10:     kennysheep_doodads
D:11:     david_lair_shrubbed, serial_shops, nicolae_shop_behind_doors,
          nicolae_zen_rock_garden, uniq_josephine
Temple:   grunt_circular_temple_18
Sewer:    sewer_minmay_treatment
Ossuary:  ossuary_tomb_2
